 Dungeon Crawl Stone Soup version 0.18-a0-1773-gec4f98e (webtiles) character file.

11725 FitzyFitz the Destroyer (level 11, 0/95 HPs)
             Began as a Grey Draconian Conjurer on Apr 15, 2016.
             Was a Believer of Ashenzari.
             Killed from afar by ktulu8bugs's ghost (30 damage)
             ... with a stone arrow
             ... on level 9 of the Dungeon.
             The game lasted 02:49:38 (15291 turns).

FitzyFitz the Destroyer (Grey Draconian Conjurer)  Turns: 15291, Time: 02:49:39

Health: 0/95       AC: 16    Str: 13    XL:     11   Next: 53%
Magic:  15/21      EV: 13    Int: 23    God:    Ashenzari [**....]
Gold:   675        SH:  0    Dex: 11    Spells: 7 memorised, 6 levels left

rFire  . . .     SeeInvis .     L - +0 demon trident (curse)
rCold  . . .     Gourm    .     (armour unavailable)
rNeg   . . .     Faith    .     (no shield)
rPois  .         Spirit   .     (helmet restricted)
rElec  .         Dismiss  .     (no cloak)
rCorr  .         Reflect  .     (no gloves)
SustAt .         Harm     .     a - +0 pair of boots (curse)
MR     .....                    (no amulet)
Stlth  ++........               w - +3 ring of protection
                                h - +4 ring of intelligence

@: not resistant to hostile enchantments, unstealthy
A: walk through water, unfitting armour, blink, strong 1, unbreathing,
cold-blooded, AC +12
a: Blink, Curse Item, Scrying, Renounce Religion


You were on level 9 of the Dungeon.
You worshipped Ashenzari.
Ashenzari was pleased with you.
You were not hungry.

You visited 3 branches of the dungeon, and saw 12 of its levels.
You also visited: Bailey.

You collected 675 gold pieces.

Inventory:

Hand Weapons
 b - a +0 blowgun
 L - a cursed +0 demon trident (weapon)
Missiles
 e - 50 tomahawks of returning (quivered)
 u - 44 poisoned needles
Armour
 a - a cursed +0 pair of boots (worn)
 l - a +1 shield
Magical Staves
 O - an uncursed staff of power
Jewellery
 h - a +4 ring of intelligence (left hand)
 p - an uncursed ring of poison resistance
 w - a +3 ring of protection (right hand)
Wands
 f - a wand of iceblast (0/15)
 B - a wand of disintegration (4/24)
 G - a wand of slowing (18/48)
Scrolls
 i - 4 scrolls of remove curse
 q - a scroll of enchant armour
 r - a scroll of teleportation
 H - 2 scrolls of amnesia
Potions
 c - 3 potions of resistance
 d - 2 potions of brilliance
 j - 3 potions of mutation
 m - a potion of curing
 o - a potion of cancellation
 x - a potion of haste
 C - 2 potions of flight
 D - 2 potions of magic {unknown}
 E - 2 potions of lignification {unknown}
 F - a potion of degeneration {unknown}
Books
 g - a book of Spatial Translocations

   Spells                             Type                      Level
   a - Apportation                    Translocation                1
   b - Blink                          Translocation                2
   c - Shroud of Golubria             Charms/Translocation         2
   d - Portal Projectile              Translocation                3
   e - Teleport Other                 Translocation                3
   f - Passage of Golubria            Translocation                4
 k - a book of Conjurations

   Spells                             Type                      Level
   a - Magic Dart                     Conjuration                  1
   b - Searing Ray                    Conjuration                  2
   c - Dazzling Spray                 Conjuration/Hexes            3
   d - Fulminant Prism                Conjuration/Hexes            4
   e - Iskenderun's Mystic Blast      Conjuration                  4
   f - Iskenderun's Battlesphere      Conjuration/Charms           5
 N - a book of Clouds

   Spells                             Type                      Level
   a - Mephitic Cloud                 Conjuration/Poison/Air       3
   b - Conjure Flame                  Conjuration/Fire             3
   c - Poisonous Cloud                Conjuration/Poison/Air       6
   d - Freezing Cloud                 Conjuration/Ice/Air          6
   e - Ring of Flames                 Charms/Fire                  7
Comestibles
 n - 5 fruits
 s - 5 bread rations
 t - a meat ration
 v - 5 chunks of flesh
 K - a slice of pizza
 M - a beef jerky


   Skills:
 - Level 8.3 Fighting
 + Level 6.9(9.3) Polearms
 - Level 4.4 Dodging
 - Level 1.7 Stealth
 - Level 7.1 Spellcasting
 - Level 10.1 Conjurations
 - Level 7.2 Charms
 - Level 2.9 Translocations


You had 6 spell levels left.
You knew the following spells:

 Your Spells              Type           Power        Failure   Level  Hunger
a - Magic Dart            Conj           ####         1%          1    None
b - Iskenderun's Battles  Conj/Chrm      #####...     8%          5    #####..
c - Iskenderun's Mystic   Conj           ######..     1%          4    ###....
d - Apportation           Tloc           ###.......   2%          1    None
e - Blink                 Tloc           N/A          3%          2    None
f - Shroud of Golubria    Chrm/Tloc      ####......   1%          2    None
g - Mephitic Cloud        Conj/Pois/Air  ###.....     8%          3    None


Dungeon Overview and Level Annotations

Branches:
Dungeon (9/15)             Temple (1/1) D:6            Lair (2/8) D:8
    Orc: D:9-12

Altars:
Ashenzari
Cheibriados
Dithmenos
Fedhas
Gozag
Kikubaaqudgha
Makhleb
Pakellas
Qazlal
Ru
Sif Muna
Trog
Vehumet
Xom
Yredelemnul
Zin

Shops:
D:2 *   D:8 }

Annotations:
D:4 blooo's ghost, amateur OgFi
D:7 Menkaure
D:9 ktulu8bugs's ghost, novice FoEE
Lair:2 Fannar


Innate Abilities, Weirdness & Mutations

You can walk through water.
Your dull iron-grey scales are very hard (AC +12).
Your body does not fit into most forms of armour.
You can survive without breathing.
You are cold-blooded and may be slowed by cold attacks.
You can translocate small distances at will.
Your muscles are strong. (Str +2)


Message History

Cast which spell? (? or * to list)
Okay, then.
Unknown command.
Unknown command.
Read which item? (? for menu, Esc to quit)
Okay, then.
Unknown command.
Unknown command.
Drink which item? (? for menu, Esc to quit)
Okay, then.
Unknown command.
Unknown command.
Unknown command.
You enter the shallow water.
Moving in this stuff is going to be slow.
Ktulu8bugs's ghost points at you and mumbles some strange words.
The stone arrow hits you!
Ktulu8bugs's ghost casts a spell at you.
The stone arrow hits you!
You die...

* ,#..†....#.#.#.#........ ,
, ,, #.......#...#.#........
* **
,###.#≈≈≈#.##..#.#........
*,,...≈≈≈≈≈.##..#.#........
*** ###≈≈≈≈≈≈.##..#.#........
, ,,
.......W≈.≈##.#.##....... *
*######≈≈≈.≈≈.#*#...#########
,, #......≈≈§%≈.###...# ###
#.##≈≈.†≈.≈@.≈##...## #<#*
#.#≈≈≈.≈≈.≈≈.≈#≈..>≈########
#.#
#.#≈≈≈.≈≈.≈≈)..............<
#.#
#.##≈≈.≈≈.≈≈≈≈≈≈.≈≈≈≈≈######
#.##.#.###≈.≈......≈≈.≈≈≈≈≈#
#.##.#.# ##.≈......≈≈.≈≈≈≈##
#.##.#.#
#.≈......#≈.≈≈≈#######
#.##.#.#
#.#≈......#.≈≈###....##
#.##.#.# #.####....#.≈##
#.(....


You could see ktulu8bugs's ghost.

Vanquished Creatures
  2 orc knights (Bailey)
  Pikel (D:5)
  An oklob plant (Lair:1)
  A spiny frog (Lair:1)
  Grinder (D:5)
  12 blink frogs (Lair:1)
  Sigmund (D:2)
  4 hungry ghosts
  3 wraiths (D:8)
  2 basilisks (Lair:1)
  A hippogriff (D:7)
  Duvessa (D:4)
  A porcupine (Lair:1)
  4 water moccasins
  3 ice beasts
  3 phantoms
  7 orc warriors
  A slave (D:5)
  2 necrophages
  4 ogres (D:8)
  2 sky beasts
  3 centaurs
  A wasp (D:8)
  3 crocodiles
  7 giant frogs
  An elf skeleton (D:8)
  A wyvern zombie (D:8)
  A scorpion (D:8)
  A killer bee (D:8)
  Dowan (D:4)
  4 wights (D:8)
  2 electric eels (D:9)
  10 howler monkeys
  A centaur zombie (D:5)
  A crimson imp (D:8)
  A quasit (D:6)
  2 jellies (D:7)
  A gnoll shaman (D:7)
  2 hounds
  4 orc priests
  4 human zombies (D:8)
  9 orc wizards
  7 iguanas
  A giant frog skeleton (D:7)
  4 worker ants
  A hound zombie (D:5)
  A mummy (D:8)
  A worker ant zombie (D:6)
  17 gnolls
  11 adders
  6 river rats (Lair:1)
  3 adder skeletons
  A worm (D:3)
  A dart slug (D:1)
  3 giant geckos
  30 orcs
  2 giant cockroaches
  16 goblins
  7 hobgoblins
  A jackal (D:7)
  3 quokkas
  A ball python (D:3)
  A ball python skeleton (D:4)
  8 bats
  A giant gecko skeleton (D:9)
  4 giant newts
  27 kobolds
  An orc zombie (D:8)
  A quokka skeleton (D:5)
  A quokka zombie (D:7)
  9 rats
287 creatures vanquished.

Vanquished Creatures (others)
  A giant frog (D:5)
  2 orcs (D:5)
  2 fungi (Lair:1)
  A plant (Lair:1)
6 creatures vanquished.

Grand Total: 293 creatures vanquished

Notes
Turn   | Place    | Note
--------------------------------------------------------------
     0 | D:1      | FitzyFitz the Draconian Conjurer began the quest for the Orb.
     0 | D:1      | Reached XP level 1. HP: 14/14 MP: 3/3
   414 | D:1      | Reached XP level 2. HP: 20/20 MP: 0/5
   866 | D:2      | Found a stormy altar of Qazlal.
   869 | D:2      | Noticed an earth elemental
   871 | D:2      | Noticed a water elemental
   871 | D:2      | Noticed a fire elemental
   871 | D:2      | Noticed an air elemental
  1085 | D:2      | Found a glowing silver altar of Zin.
  1086 | D:2      | Found Zin's Purification Station.
  1130 | D:2      | Noticed Sigmund
  1183 | D:2      | Found a basalt altar of Yredelemnul.
  1290 | D:2      | Reached skill level 5 in Conjurations
  1290 | D:2      | Reached XP level 3. HP: 26/26 MP: 3/6
  1605 | D:2      | Killed Sigmund
  1605 | D:2      | Reached skill level 6 in Conjurations
  1605 | D:2      | Reached XP level 4. HP: 26/33 MP: 2/7
  1605 | D:2      | Reached XP level 5. HP: 30/38 MP: 2/8
  1749 | D:3      | Reached skill level 7 in Conjurations
  2188 | D:3      | Reached XP level 6. HP: 44/45 MP: 6/9
  3070 | D:3      | Learned a level 5 spell: Iskenderun's Battlesphere
  3091 | D:4      | Noticed blooo's ghost (amateur OgFi)
  3312 | D:4      | Reached skill level 1 in Charms
  3443 | D:4      | Found a blossoming altar of Fedhas.
  3492 | D:4      | Your scales start taking on a dull iron-grey colour.
  3492 | D:4      | Reached XP level 7. HP: 50/50 MP: 11/11
  3492 | D:4      | Gained mutation: You can survive without breathing. [Grey Draconian growth]
  3585 | D:4      | Noticed Duvessa
  3585 | D:4      | Noticed Dowan
  3600 | D:4      | Killed Dowan
  3603 | D:4      | Killed Duvessa
  3603 | D:4      | Reached skill level 8 in Conjurations
  3912 | D:5      | Entered Level 5 of the Dungeon
  4330 | D:4      | Learned a level 4 spell: Iskenderun's Mystic Blast
  4889 | D:5      | Reached XP level 8. HP: 24/57 MP: 6/14
  5087 | D:5      | Noticed Pikel
  5252 | D:5      | Noticed Grinder
  5363 | D:5      | Learned a level 1 spell: Apportation
  5366 | D:5      | Learned a level 2 spell: Blink
  5427 | D:5      | Found a radiant altar of Vehumet.
  5449 | D:5      | Paralysed by Grinder for 4 turns
  5455 | D:5      | Killed Grinder
  5455 | D:5      | Reached skill level 5 in Charms
  5717 | D:5      | Killed Pikel
  6089 | D:5      | Reached XP level 9. HP: 48/62 MP: 1/15
  6264 | D:6      | Found a staircase to the Ecumenical Temple.
  6272 | Temple   | Entered the Ecumenical Temple
  6315 | Temple   | Became a worshipper of Ashenzari the Shackled
  6394 | D:6      | Reached skill level 1 in Fighting
  7530 | D:6      | Learned a level 2 spell: Shroud of Golubria
  7720 | D:7      | Found a shattered altar of Ashenzari.
  8059 | D:7      | Reached skill level 9 in Conjurations
  8472 | D:7      | Noticed Menkaure
  8939 | D:7      | Gained mutation: Your muscles are strong. (Str +2) [potion of mutation]
  8939 | D:7      | Gained mutation: You can translocate small distances at will. [potion of mutation]
  9354 | D:8      | Reached * piety under Ashenzari
  9370 | D:8      | Reached skill level 5 in Fighting
 10213 | D:7      | Reached XP level 10. HP: 88/88 MP: 16/16
 10460 | D:7      | Found a snail-covered altar of Cheibriados.
 10900 | D:8      | Found an oddly glowing altar of Pakellas.
 10900 | D:8      | Found Pakellas's Prime Provisions.
 11067 | D:8      | Found a staircase to the Lair.
 11097 | Lair:1   | Entered Level 1 of the Lair of Beasts
 11516 | Lair:1   | Reached skill level 10 in Conjurations
 11939 | Lair:1   | Noticed a spiny frog
 11948 | Lair:1   | Killed a spiny frog
 11970 | Lair:1   | Reached skill level 5 in Spellcasting
 12550 | Lair:1   | Reached XP level 11. HP: 73/95 MP: 2/21
 12905 | Lair:1   | Noticed an oklob plant
 12910 | Lair:1   | Killed an oklob plant
 12924 | Lair:1   | Learned a level 3 spell: Mephitic Cloud
 13462 | Lair:2   | Noticed Fannar
 13752 | D:8      | Found an ancient bone altar of Kikubaaqudgha.
 14310 | D:8      | Reached skill level 5 in Polearms
 14692 | D:9      | Found a flagged portal.
 14703 | Bailey   | Entered a bailey
 14763 | Bailey   | Noticed an orc knight
 14795 | Bailey   | Noticed an orc knight
 14851 | Bailey   | Killed an orc knight
 14859 | Bailey   | Killed an orc knight
 14864 | Bailey   | Identified the cursed +2 arbalest "Dinna" {flame, Str+3} (You took it off a kobold in a bailey)
 14991 | Bailey   | Reached ** piety under Ashenzari
 15285 | D:9      | Noticed ktulu8bugs's ghost (novice FoEE)
 15291 | D:9      | Killed from afar by ktulu8bugs's ghost

Vault maps used:
D:1:      saegor_arrival_under_anarchy
D:2:      yredelemnul_altar_generic, zin_purify,
          nicolae_qazlal_style_of_elements, serial_park_tiny_1,
          grunt_decor_one_mirror, uniq_sigmund
D:3:      minmay_goblin_kobold_house
D:4:      fedhas_altar_1, first_bread, minmay_ruptured, uniq_duvessa
D:5:      vehumet_crystals, kennysheep_generic_room_15, uniq_grinder, uniq_pikel
D:6:      temple_statues
D:7:      kennysheep_mini, basic_altar, the_bakery, uniq_menkaure
D:8:      lemuel_mausoleum_altar_kikubaaqudgha, lair_0_dummy, minivault_23,
          st_stairs_9, johnstein_pakellas_shop
D:9:      lemuel_coloured_pillars_altar, enter_bailey_3, st_stairs_12
Temple:   minmay_crystal_spiral_temple_12
Lair:1:   minmay_lair_oklob_items
Lair:2:   grunt_megastairs_5, uniq_fannar
Bailey:   bailey_axe_1, bailey

Skill      XL: |  1  2  3  4  5  6  7  8  9 10 11 |
---------------+----------------------------------+-----
Conjurations   | 5 6 7 8 9 10 | 10.1
Spellcasting   | 3 4 6 7 |  7.1
Charms         | 1 3 7 |  7.2
Translocations | 2 |  2.9
Fighting       | 7 8 |  8.3
Dodging        | 4 |  4.4
Polearms       | 6 |  6.9
Stealth        | |  1.7

Action                   |  1- 3 |  4- 6 |  7- 9 | 10-12 || total
-------------------------+-------+-------+-------+-------++-------
Melee: Spear             |    69 |   211 |   332 |       ||   612
       Unarmed           |    14 |       |       |       ||    14
       Tailslap          |     6 |    11 |    41 |    34 ||    92
       Hand axe          |       |       |   132 |    78 ||   210
       Whip              |       |       |    35 |       ||    35
       Demon trident     |       |       |       |   213 ||   213
 Cast: Magic Dart        |    24 |    49 |   204 |   175 ||   452
       Iskenderun's Batt |       |       |     2 |    20 ||    22
       Iskenderun's Myst |       |       |    31 |    12 ||    43
       Shroud of Golubri |       |       |     4 |       ||     4
       Blink             |       |       |     2 |     2 ||     4
       Apportation       |       |       |     1 |       ||     1
       Mephitic Cloud    |       |       |       |    13 ||    13
Invok: Curse Item        |       |       |     1 |     1 ||     2
Evoke: Wand              |       |       |     6 |     1 ||     7
  Use: Potion            |     1 |       |    11 |     1 ||    13
       Scroll            |       |     1 |    13 |     4 ||    18
 Stab: Sleeping          |     4 |     2 |     1 |     3 ||    10
       Invisible         |     2 |       |     1 |       ||     3
       Distracted        |       |     1 |       |     1 ||     2
  Eat: Chunk             |     2 |     6 |    17 |    15 ||    40
       Meat ration       |       |       |     2 |     1 ||     3
       Royal jelly       |       |       |     1 |       ||     1
       Fruit             |       |       |     8 |       ||     8
       Pizza             |       |       |     3 |       ||     3
       Bread ration      |       |       |     1 |     1 ||     2
Armor: Skin              |    30 |    78 |   327 |   141 ||   576
Dodge: Dodged            |    72 |   107 |   396 |   246 ||   821
